Cogmind - Beta 13 @@@ ROGUE MODE // 2024.05.26 @ 18:51:10 Player: netthier Result: Destroyed by H-61 Shepherd with Heavy Assault Cannon Performance ------------- Evolutions (3) 1500 Regions Visited (5) 1000 Robots Destroyed (23) 115 Value Destroyed (656) 656 Prototype IDs (1) 20 Alien Tech Used (0) 0 Bonus (500) 500 TOTAL SCORE: 3791 Bonus ------- Entered DSFs 500 Cogmind --------- Core Integrity 0/700 Matter 32/300 Energy 98/100 System Corruption 0% Temperature Cool (9) Movement Core (50) Location -7/DSF Parts ------- > --- POWER (2) -------- (None) > --- PROPULSION (3) --- (None) > --- UTILITY (4) ------ Improved Targeting Computer > --- WEAPON (4) ------- (None) > --- INVENTORY (5) ---- Improved Light Armor Plating High-powered Tractor Beam Peak State ------------ > --- POWER ------------ Light Ion Engine Light Nuclear Core > --- PROPULSION ------- Improved Treads Wheel Compact Wheel > --- UTILITY ---------- Heat Sink Small Matter Pod Improved Targeting Computer > --- WEAPON ----------- Improved Light Cannon Missile Launcher Missile Launcher > --- INVENTORY -------- Improved Light Cannon [Rating: 20] Favorites ----------- Power Light Ion Engine Engine Light Ion Engine Power Core Light Nuclear Core Propulsion Improved Treads Treads Improved Treads Leg Aluminum Leg Wheel Compact Wheel Flight Unit Flight Unit Utility Structural Scanner Device Structural Scanner Storage Small Matter Pod Processor Signal Interpreter Protection Light Armor Plating Weapon EM Pulse Gun Energy Gun EM Pulse Gun Energy Cannon Particle Cannon Ballistic Cannon Improved Light Cannon Launcher Missile Launcher Special Weapon Welding Torch Build | -11 -10 -9 -8 -7 -7 ------- Run | Yrd Mat Mat Mat Fac DSF Slots Evolved 6 | . . 2 2 2 . Power 1 | . . 1 . . . Propulsion 1 | . . . 1 . . Utility 2 | . . . 1 1 . Weapon 2 | . . 1 . 1 . Parts Attached 43 | 5 17 9 10 1 1 Power 7 | 1 3 1 2 . . Engine 6 | 1 3 1 1 . . Core 1 | . . . 1 . . Reactor . | . . . . . . Propulsion 8 | 2 3 1 2 . . Treads 2 | . 2 . . . . Leg 3 | 2 1 . . . . Wheel 2 | . . . 2 . . Hover . | . . . . . . Flight 1 | . . 1 . . . Utility 9 | . 4 1 3 1 . Device 3 | . 2 . 1 . . Storage 2 | . 1 . 1 . . Processor 2 | . 1 . 1 . . Hackware . | . . . . . . Protection 2 | . . 1 . 1 . Artifact . | . . . . . . Weapon 19 | 2 7 6 3 . 1 Energy Gun 9 | 2 6 1 . . . Energy Cannon 2 | . . 2 . . . Ballistic Gun . | . . . . . . Ballistic Cannon 2 | . . 2 . . . Launcher 5 | . . 1 3 . 1 Special Weapon 1 | . 1 . . . . Impact Weapon . | . . . . . . Slashing Weapon . | . . . . . . Piercing Weapon . | . . . . . . Special Melee Weapon . | . . . . . . Unidentified Prototypes . | . . . . . . Parts Lost 20 | . 2 2 7 . 9 Power 4 | . . . 4 . . Propulsion 4 | . . 1 . . 3 Utility 5 | . . . 3 . 2 Weapon 7 | . 2 1 . . 4 Highest Loss Streak 9 | . 2 2 4 . 9 To Critical Strikes . | . . . . . . Average Slot Usage (%) 85 | . 88 95 79 69 40 Engine 13 | . 11 20 10 . . Core 1 | . . . 3 . . Treads 12 | . 13 16 9 7 2 Leg 2 | . 9 . . . . Wheel 2 | . . . 6 15 7 Flight 1 | . . 2 . . . Device 10 | . 12 11 12 . . Storage 2 | . 1 . 3 7 5 Processor 5 | . 11 1 3 7 7 Protection 4 | . . 9 3 7 3 Energy Gun 13 | . 26 19 . . . Energy Cannon 7 | . . 12 9 . . Ballistic Cannon 3 | . . . 9 7 3 Launcher 4 | . . . 8 15 8 Naked Turns . | . . . . . . Heaviest Build 26 | 7 9 24 26 23 23 Greatest Support 46 | 20 46 46 26 26 26 Greatest Overweight (x) 1 | . 1 1 1 . 1 Average Overweight (x) . | . . . . . . Largest Inventory Capacity 5 | 5 5 5 5 5 5 Average Capacity 5 | 5 5 5 5 5 5 Most Carried 5 | 5 5 5 5 4 3 Average Carried 4 | 2 4 4 4 3 2 Final Capacity 5 | 5 5 5 5 5 5 Final Carried 5 | 4 5 5 5 3 2 Class Distribution -------------------- 39% | Tank 34% | Mutant 12% | Gunner 8% | Scavenger-Gunner 5% | Skirmisher Dominant Class ---------------- Mutant | -10/Materials Tank | -9/Materials Tank | -8/Materials Gunner | -7/Factory Mutant | -7/DSF Resources | -11 -10 -9 -8 -7 -7 ----------- Run | Yrd Mat Mat Mat Fac DSF Matter Collected 737 | 250 166 95 209 . 17 Remotely . | . . . . . . Salvage Created 702 | 38 110 108 335 . 111 Parts 35 | 2 3 14 12 . 4 Haulers Intercepted . | . . . . . . Recyclers Shooed . | . . . . . . Parts Field Recycled . | . . . . . . Retrieved Matter . | . . . . . . Parts Self-Destructed . | . . . . . . Prevented . | . . . . . . Kills | -11 -10 -9 -8 -7 -7 ------- Run | Yrd Mat Mat Mat Fac DSF Combat Hostiles Destroyed 15 | 1 2 5 7 . . Guns 4 | 1 1 2 . . . Cannons 5 | . . 3 2 . . AOE 5 | . . . 5 . . Classes Destroyed 8 | 1 . 4 3 . . Worker 2 | . . 1 1 . . Builder 1 | . . . 1 . . Recycler 2 | . . . 2 . . Operator 1 | . . . 1 . . Watcher 2 | . . 1 1 . . Swarmer 4 | . . 4 . . . Grunt 9 | 1 2 . 6 . . Sentry 2 | . . 1 1 . . Best Kill Streak 6 | 1 2 6 6 . . Combat Bots Only 4 | 1 2 4 4 . . Max Kills in Single Turn 3 | 1 1 1 3 . . Gunslinging . | . . . . . . Exploded 2 | . . . 2 . . Melee . | . . . . . . Uniques/NPCs Destroyed . | . . . . . . Combat | -11 -10 -9 -8 -7 -7 -------- Run | Yrd Mat Mat Mat Fac DSF Hostile Shots Fired 139 | 2 12 37 41 . 47 Missed 27 | . 4 7 9 . 7 Damage Taken 2353 | 22 127 389 556 . 1259 Core 972 | 12 48 115 62 . 735 Absorbed by Shields . | . . . . . . Regen/Repaired (Parts) 22 | . . 22 . . . Core Remaining (%) 82 | 95 76 71 88 . . Volleys Fired 52 | 2 9 22 17 . 2 Largest 3 | 2 2 3 3 . 1 Hottest 175 | 80 80 148 175 . 36 Shots Fired 117 | 4 15 45 51 . 2 Gun 44 | 4 15 25 . . . Cannon 50 | . . 17 33 . . Launcher 23 | . . 3 18 . 2 Special . | . . . . . . Kinetic 17 | . . . 17 . . Thermal 49 | . 3 30 16 . . Explosive 23 | . . 3 18 . 2 Electromagnetic 28 | 4 12 12 . . . Robot Hit Streak 6 | 1 5 3 6 . 1 Robot Miss Streak 3 | 1 3 3 2 . 1 Penetration Max . | . . . . . . Secondary Targets . | . . . . . . Shots Hit Robots 60 | 2 9 21 27 . 1 Core Hits 45 | 2 5 10 21 . 7 Critical Kills . | . . . . . . Critical Parts Destroyed . | . . . . . . Critical Strikes 2 | . 1 . 1 . . Blast 1 | . . . 1 . . Corrupt 1 | . 1 . . . . Melee Attacks . | . . . . . . Impact . | . . . . . . Slashing . | . . . . . . Piercing . | . . . . . . Sneak Attacks . | . . . . . . Combat Hostiles . | . . . . . . Follow-up Attacks . | . . . . . . Damage Inflicted 2533 | 24 122 402 1736 . 249 Guns 290 | 24 122 144 . . . Cannons 579 | . . 162 417 . . Explosions 1657 | . . 96 1315 . 246 Melee . | . . . . . . Ramming 7 | . . . 4 . 3 Kinetic 208 | . . . 208 . . Thermal 503 | . 11 283 209 . . Explosive 1612 | . . 51 1315 . 246 Electromagnetic 203 | 24 111 68 . . . Impact . | . . . . . . Slashing . | . . . . . . Piercing . | . . . . . . Highest Corruption . | . . . . . . Average Corruption . | . . . . . . Corruption Purged . | . . . . . . Corruption Blocked . | . . . . . . Overload Shots . | . . . . . . Overflow Damage 106 | . . 25 81 . . Projectiles . | . . . . . . Explosions 106 | . . 25 81 . . Melee . | . . . . . . Knockbacks 2 | . . . 2 . . Impact . | . . . . . . Kinetic 2 | . . . 2 . . Secondary . | . . . . . . Self-Inflicted Damage 50 | . . . 49 . 1 Shots 1 | . . . 1 . . Rammed 2 | . . . 1 . 1 Targets Rammed 2 | . . . 1 . 1 Kicked . | . . . . . . Crushed . | . . . . . . Highest Temperature 582 | 48 54 582 419 . . Average Temperature 212 | 28 21 307 124 . . Received Heat Transfer 615 | 12 72 72 306 . 153 Effects 34 | . . 31 3 . . Shutdowns 10 | . . 9 1 . . Energy Bleed 2 | . . 1 1 . . Interference 4 | . . 4 . . . Matter Decay 5 | . . 4 1 . . Short Circuit 2 | . . 2 . . . Damage (minor) 2 | . . 2 . . . Damage (major) 8 | . . 8 . . . Damage (core) 1 | . . 1 . . . Siege Activations . | . . . . . . Robots Corrupted 1 | . 1 . . . . Combat Hostiles 1 | . 1 . . . . Parts Fried 3 | . 3 . . . . Impact Corruptions . | . . . . . . Robots Melted . | . . . . . . Combat Hostiles . | . . . . . . Parts Melted 2 | . . 1 1 . . Heat Transferred 903 | . 25 508 370 . . Parts Sabotaged . | . . . . . . Parts Stolen . | . . . . . . Parts Stripped . | . . . . . . Power Chain Reactions 1 | . . 1 . . . Alert | -11 -10 -9 -8 -7 -7 ------- Run | Yrd Mat Mat Mat Fac DSF Peak Influence 173 | 20 65 173 169 72 53 Initial 62 | . 13 27 17 62 53 Average 57 | 2 38 66 79 70 22 Maximum Alert Level . | . . . . . . Low Security (%) 100 | 100 100 100 100 100 100 Level 1 . | . . . . . . Level 2 . | . . . . . . Level 3 . | . . . . . . Level 4 . | . . . . . . Level 5 . | . . . . . . High Security . | . . . . . . Max Security . | . . . . . . Squads Dispatched 6 | . 1 . 2 1 2 Investigation 1 | . . . . 1 . Extermination . | . . . . . . Reinforcement 3 | . 1 . . . 2 Assault . | . . . . . . Garrison 2 | . . . 2 . . Intercept . | . . . . . . Searches Triggered . | . . . . . . Construction Impeded . | . . . . . . Haulers Reinforced . | . . . . . . Active Scanning Responses . | . . . . . . Cargo Convoy Interrupts . | . . . . . . Stealth | -11 -10 -9 -8 -7 -7 --------- Run | Yrd Mat Mat Mat Fac DSF Distress Signals 1 | . . 1 . . . Communications Jammed . | . . . . . . Distress Signals . | . . . . . . Times Spotted 27 | 1 3 6 11 . 6 Peak Tracking Total 6 | 1 2 3 3 . 6 Tactical Retreats . | . . . . . . Traps | -11 -10 -9 -8 -7 -7 ------- Run | Yrd Mat Mat Mat Fac DSF Traps Triggered 6 | . 6 . . . . Indirectly . | . . . . . . Trap Hack Attempts . | . . . . . . Triggered . | . . . . . . Disarmed . | . . . . . . Reprogrammed . | . . . . . . Reused . | . . . . . . Traps Extracted . | . . . . . . Installed . | . . . . . . Triggered . | . . . . . . Machines | -11 -10 -9 -8 -7 -7 ---------- Run | Yrd Mat Mat Mat Fac DSF Machines Disabled 5 | . . 1 4 . . Max in Single Turn 2 | . . 1 2 . . Machines Repaired . | . . . . . . Machines Dismantled . | . . . . . . Machines Sabotaged . | . . . . . . Overloaded Fab Kills . | . . . . . . Hacking | -11 -10 -9 -8 -7 -7 --------- Run | Yrd Mat Mat Mat Fac DSF Machines Accessed 9 | . 3 4 . 2 . Terminals 5 | . 2 2 . 1 . Fabricators . | . . . . . . Repair Stations 1 | . . 1 . . . Recycling Units 2 | . 1 . . 1 . Scanalyzers 1 | . . 1 . . . Garrison Access . | . . . . . . Total Hacks 32 | . 11 14 . 7 . Successful 20 | . 6 11 . 3 . Failed 11 | . 5 2 . 4 . Catastrophic . | . . . . . . Database Lockouts 1 | . . 1 . . . Manual . | . . . . . . Terminals 15 | . 7 7 . 1 . Fabricators . | . . . . . . Repair Stations 3 | . . 3 . . . Recycling Units 10 | . 4 . . 6 . Scanalyzers 4 | . . 4 . . . Garrison Access . | . . . . . . Terminal Hacks 10 | . 3 6 . 1 . Record 7 | . 2 5 . . . Robot Analysis 1 | . 1 . . . . Open DSF 1 | . . . . 1 . Emergency Access Points 1 | . . 1 . . . Fabricator Hacks . | . . . . . . Repair Station Hacks 3 | . . 3 . . . Scan Component 1 | . . 1 . . . Repair 1 | . . 1 . . . Refit 1 | . . 1 . . . Recycling Unit Hacks 5 | . 3 . . 2 . Recycle Component 2 | . 1 . . 1 . Process 2 | . 1 . . 1 . Retrieve Matter 1 | . 1 . . . . Scanalyzer 2 | . . 2 . . . Insert Component 1 | . . 1 . . . Analyze 1 | . . 1 . . . Garrison Access Hacks . | . . . . . . Unauthorized Hacks . | . . . . . . Terminals . | . . . . . . Fabricators . | . . . . . . Repair Stations . | . . . . . . Recycling Units . | . . . . . . Scanalyzers . | . . . . . . Garrison Access . | . . . . . . Data Cores Recovered 1 | . . . 1 . . Used . | . . . . . . Hacking Detections 8 | . 3 3 . 2 . Full Trace Events 1 | . . . . 1 . Feedback Events . | . . . . . . Feedback Blocked . | . . . . . . Robot Schematics Acquired . | . . . . . . Robots Built . | . . . . . . Authchips . | . . . . . . Time . | . . . . . . Total Robot Build Rating . | . . . . . . Part Schematics Acquired 1 | . . 1 . . . Parts Built . | . . . . . . Authchips . | . . . . . . Time . | . . . . . . Total Part Build Rating . | . . . . . . Parts Repaired 1 | . . 1 . . . Time 26 | . . 26 . . . Parts Recycled 2 | . 1 . . 1 . Recycled Matter 81 | . 44 . . 37 . Retrieved Matter 44 | . 44 . . . . Retrieved Components . | . . . . . . Parts Scanalyzed 1 | . . 1 . . . Part Schematics Acquired 1 | . . 1 . . . Parts Damaged 1 | . . 1 . . . Bothacking | -11 -10 -9 -8 -7 -7 ------------ Run | Yrd Mat Mat Mat Fac DSF Used RIF Installer . | . . . . . . Robots Hacked . | . . . . . . Non-combat . | . . . . . . Combat . | . . . . . . Robot Hacks Applied . | . . . . . . Relay Couplers Released . | . . . . . . Fabnet Peak Effective % . | . . . . . . Robots Rewired . | . . . . . . Allies Hacked . | . . . . . . Hacks Repelled . | . . . . . . Allies | -11 -10 -9 -8 -7 -7 -------- Run | Yrd Mat Mat Mat Fac DSF Total Allies . | . . . . . . Largest Group . | . . . . . . Highest-Rated Group . | . . . . . . Highest-Rated Ally . | . . . . . . Total Orders . | . . . . . . Ally Attacks . | . . . . . . Total Damage . | . . . . . . Kills . | . . . . . . Allies Corrupted . | . . . . . . Allies Melted . | . . . . . . Intel | -11 -10 -9 -8 -7 -7 ------- Run | Yrd Mat Mat Mat Fac DSF Robot Analysis Total 1 | . 1 . . . . Derelict Logs Recovered . | . . . . . . Drone Launches . | . . . . . . Drone Recoveries . | . . . . . . Exploration | -11 -10 -9 -8 -7 -7 ------------- Run | Yrd Mat Mat Mat Fac DSF Turns Passed 1608 | 119 383 526 448 71 61 Spaces Moved 983 | 98 240 272 259 78 36 Core 54 | 25 17 . . . 12 Treads 487 | . 104 272 111 . . Legs 192 | 73 119 . . . . Wheels 250 | . . . 148 78 24 Hover . | . . . . . . Flight . | . . . . . . Fastest Speed 50 | 50 50 160 90 90 50 Average Speed 136 | 102 134 165 141 90 83 Slowest Speed 240 | 120 160 240 240 90 115 Overloaded Moves . | . . . . . . Propulsion Burnouts . | . . . . . . Robots Hopped . | . . . . . . Cave-ins Triggered . | . . . . . . Exploration Rate (%) 22 | 8 37 24 19 2 44 Regions Visited 5 Branch Regions . Pre-discovered Areas . | . . . . . . Known Exits Taken 2 | . 1 . . 1 . Unknown Exits Taken 3 | 1 . 1 1 . . Scrap Searched . | . . . . . . Spaces Dug . | . . . . . . Terrain Destroyed 150 | . . 15 125 . 10 Melee . | . . . . . . Projectile 3 | . . . 3 . . AOE 147 | . . 15 122 . 10 Terrain Rammed . | . . . . . . Walls Destroyed . | . . . . . . Machines Disabled . | . . . . . . Actions | -11 -10 -9 -8 -7 -7 --------- Run | Yrd Mat Mat Mat Fac DSF Total 1156 | 113 285 314 301 78 65 Wait 27 | . 2 . . . 25 Move 978 | 97 239 271 258 77 36 Hop . | . . . . . . Pick Up 40 | 9 14 6 11 . . Fast Attach 8 | . 6 2 . . . Attach 33 | 5 11 5 10 1 1 Detach 1 | . . 1 . . . Swap 2 | . . 2 . . . Drop 13 | . 4 5 4 . . Fire 52 | 2 9 22 17 . 2 Melee . | . . . . . . Ram 2 | . . . 1 . 1 Kick . | . . . . . . Crush . | . . . . . . Escape Stasis . | . . . . . . Rewire . | . . . . . . Trap . | . . . . . . Miscellaneous . | . . . . . . Route ------- -11/Scrapyard -10/Materials (discovered 2 exits: *Mat / [*Min]) -9/Materials -8/Materials -7/Factory -7/DSF History --------- Turn | Location | Event 2 | -11/Scrapyard | Met Revision 17 87 | -11/Scrapyard | Discovered new exit (range 8) 120 | -11/Scrapyard | Entered Materials 206 | -10/Materials | Discovered new exit (range 13) 303 | -10/Materials | Build established: Mutant 369 | -10/Materials | Discovered new exit (range 15) 501 | -10/Materials | Identified exit to Materials 503 | -10/Materials | Entered another Materials area 503 | -9/Materials | Evolved 2 slots: Power x1, Weapon x1 512 | -9/Materials | Central database locked down 730 | -9/Materials | Repaired Lgt. Ion Engine? 895 | -9/Materials | Build established: Tank 928 | -9/Materials | Discovered new exit (range 8) 1029 | -9/Materials | Entered another Materials area 1029 | -8/Materials | Evolved 2 slots: Propulsion x1, Utility x1 1252 | -8/Materials | Lost 4 parts (2p2u) 1426 | -8/Materials | Discovered new exit (range 8) 1477 | -8/Materials | Entered Factory 1477 | -7/Factory | Evolved 2 slots: Utility x1, Weapon x1 1507 | -7/Factory | Lost 3 parts (2p1u) 1548 | -7/Factory | Identified exit to DSF 1548 | -7/Factory | Entered DSF 1569 | -7/DSF | Additional patrols routed to DSF 1600 | -7/DSF | Core integrity fell below 50% 1605 | -7/DSF | Core integrity fell below 20% 1609 | -7/DSF | Destroyed by H-61 Shepherd with Heavy Assault Cannon Last Messages --------------- Knocked back. A-02 Transporter destroyed. Critical hit (Burn: +37). Rocket Launcher destroyed. Penetrated by Slug. Sml. Matter Pod destroyed. Penetrated by Slug. Knocked back. Penetrated by Slug. The unstable cave ceiling collapses. Penetrated by Slug. Acquired 8 matter. Slug penetrates Wall. Knocked back. Penetrated by Slug. Slammed into H-61 Shepherd. Acquired 4 matter. Penetrated by Slug. Acquired 5 matter. [Achievement: First Step to Greatness] Map ----- +----------------------------------------------------+ | | | | | | | | | | | | | | | | | | | | | ???????????????????????????????????????????????? | | ???????????????????????????????????????????????? | | ???????????????????????????????????????????????? | | ?????????##?????????????##?????????????????????? | | ?????????""#???????????? #?????????????????????? | | ?????????#"#?????????##? #?????????????????????? | | ??????####"##???????##;#;####??????????????????? | | ??????#"""""#########!! [[#??????????????????? | | ??????#"""""##!!#!!!#!! [[#??????????????????? | | ?????##"" #??????????????????? | | ????""""" % #??????????????????? | | ????###"" ##!!# ### ###??????????????????? | | ??????### ###!!# ### ###??????????????????? | | ????????# #?########//% #??????????????????? | | ???????# !????????#//% #??????????????????? | | ???????# !????????#//@ % #??????????????????? | | ???????## ##???????##; ###??????????????????? | | ????????! !????????#!! %!!#??????????????????? | | ????????! !????????#!! !!#??????????????????? | | ???????#! !????????#!! !!#??????????????????? | | ???????## #????????### x ###??????????????????? | | ????????! #??????????#Hgx #??????????????????? | | ????????! ???????????%* g##??????????????????? | | ???????? ???????????= g ??????????????????? | | ???????? ?????????? ????????????????? | | ????????????????????? ! ???????????????? | | ????????????????????# % *% #!!!#??????????????? | | ????????????????????# ##!!!#??????????????? | | ????????????????????## ##??###??????????????? | | ?????????????????????!! *????????????????????? | | ?????????????????????!! *????????????????????? | | ?????????????????????!! *????????????????????? | | ?????????????????????## ##???????????????????? | | ??????????????????????? ????????????????????? | | ??????????????????????? ????????????????????? | | ??????????????????????? ?????????????????????? | | ???????????????????????????????????????????????? | | ???????????????????????????????????????????????? | | ???????????????????????????????????????????????? | | ???????????????????????????????????????????????? | +----------------------------------------------------+ Best States ------------- Heat Dissipation 41 Energy Generation 19 Energy Capacity 290 Matter Stores 300 Matter Capacity 350 Sight Range 16 Terrain Scan Density 10 Armor Coverage 225 Evasion (%) 55 Targeting Accuracy 6 Recoil Reduction 2 Item Schematics ----------------- Imp. Medium Laser | -9/Materials | Scanalyzed Robot Schematics ------------------ None Fabricated ------------ Nothing Alien Tech Used ----------------- None Achievements -------------- First Step to Greatness Made in Tau Ceti IV One Hack Too Far Oops Part-time Mechanic Power Corrupts Safety First Challenges ------------ None Game ------ Seed IntegrityTripodCanceller Manual? 0 Play Time 00:32:12 Cumulative 0.5 hours Start 2024.05.26 @ 18:18:53 End 2024.05.26 @ 18:51:10 Sessions 1 Manual Loads 0 Difficulty Rogue Special Mode None Game No. 2 Rogue 2 Adventurer 0 Explorer 0 Win Type - Total 0 Types 0/0/0/0/0/0/0/0/0 Lore% 1 Gallery% 2 Achievement% 3 Wizard Run 0 Options --------- Layout 1 ASCII 0 Keyboard 0 Movement Mouse Keybinds 0 Fullscreen 1 Font 32/SmallcapsGlow Map View 50x35 Zoom Use 0% Tactical HUD 0 Map Filters NONE Filters NONE Steam 1 RUN: 2aa9b973-c5b7-4250-8e87-515af7556fe5